 Dungeon Sprint DCSS version 0.27.1-34-g3ba077fa99 (webtiles) character file.

Game seed: 1713428263678372477

259 Karpo the Unseen (level 5, -1/24 HPs)
             Began as a Spriggan Enchanter on Feb 10, 2022.
             Splashed by a jelly's acid (2 damage)
             ... in the Dungeon (Sprint I: "Red Sonja").
             The game lasted 00:01:41 (323 turns).

Karpo the Unseen (Spriggan Enchanter)                Turns: 323, Time: 00:01:41

Health: -1/24      AC:  2    Str:  4    XL:     5   Next: 95%
Magic:  0/10       EV: 17    Int: 17    God:
Gold:   162        SH:  0    Dex: 16    Spells: 0/9 levels left

rFire    . . .     SeeInvis +   a - +1 dagger
rCold    . . .     Faith    .   (shield restricted)
rNeg     . . .     Spirit   .   b - +0 robe
rPois    .         Reflect  .   (helmet restricted)
rElec    .         Harm     .   (no cloak)
rCorr    .         Rampage  .   (gloves unavailable)
Will     .....     NoTele   +   (boots unavailable)
Stlth    +++++++...             (no amulet)
HPRegen  0.08/turn              (no ring)
MPRegen  0.12/turn              (no ring)

@: very quick
A: very small, no large weapons, unfitting armour, see invisible, speed 3
a: no special abilities


You were in the Dungeon.
You visited 1 branch You collected 162 gold pieces.

Inventory:

Hand Weapons
 a - a +1 dagger (weapon)
Armour
 b - a +0 robe (worn)
Scrolls
 h - a scroll of blinking
 i - a scroll of identify {unknown}
Potions
 c - a potion of curing
 d - a potion of heal wounds
 e - a potion of haste
 f - 2 potions of magic
 g - a potion of degeneration {unknown}


   Skills:
 - Level 1.1 Short Blades
 - Level 2.6 Dodging
 + Level 17.9 Stealth
 - Level 2.6 Spellcasting
 - Level 3.6 Hexes


You couldn't memorise any spells.
You knew the following spells:

 Your Spells              Type           Power      Damage    Failure   Level
a - Corona                Hex            15%        N/A       4%          1
b - Ensorcelled Hibernat  Hex/Ice        16%        N/A       13%         2
c - Confusing Touch       Hex            14%        N/A       12%         3
d - Dazzling Flash        Conj/Hex       16%        N/A       26%         3

Your spell library contained the following spells:

 Spells                   Type           Power      Damage    Failure   Level
 Tukima's Dance           Hex            14%        N/A       12%         3


Dungeon Overview and Level Annotations

Branches:
Dungeon (1/1)

Altars:
Sif Muna
Vehumet
Wu Jian


Innate Abilities, Weirdness & Mutations

You are very small and have problems with some larger weapons.
You are too small for most types of armour.
You have supernaturally acute eyesight. (SInv)
You cover ground extremely quickly. (Speed+++)


Message History

Aiming: Ensorcelled Hibernation (safe; 13% risk of failure)
Press: ? - help, Shift-Dir - straight line, f/p - jelly
Aim: a jelly (chance to affect: 49%)
You miscast Ensorcelled Hibernation.
Nothing appears to happen.
The jelly barely misses you.
Unknown command.
There is an open door here.
There is an open door here.
Things that are here:
a +0 scythe; a +0 robe You close the door.
You hear a distant slurping noise.
The door mysteriously vanishes.
Casting: Ensorcelled Hibernation (safe; 13% risk of failure)
Confirm with . or Enter, or press ? or * to list all spells.
Aiming: Ensorcelled Hibernation (safe; 13% risk of failure)
Press: ? - help, Shift-Dir - straight line, f/p - jelly
Aim: a jelly (chance to affect: 49%)
The jelly resists with some effort.
The jelly closely misses you.
There is an open door here.
Things that are here:
a +0 giant club; an ogre corpse
There is an open door here.
Things that are here:
a +0 dagger; a +0 ring mail; the goblin skeleton of Ijyb Your magical contamination has completely faded away.
There is an open door, spattered with blood here.
You are no longer corroded.
Casting: Ensorcelled Hibernation (safe; 13% risk of failure)
Confirm with . or Enter, or press ? or * to list all spells.
Aiming: Ensorcelled Hibernation (safe; 13% risk of failure)
Press: ? - help, Shift-Dir - straight line, f/p - jelly
Aim: a jelly (chance to affect: 49%)
The jelly resists with some effort.
You hit the jelly.
Your hands burn!
* * * LOW HITPOINT WARNING * * *
The jelly is moderately wounded.
The jelly misses you.
You hit the jelly.
Your hands burn!
You die...

################
#<.#..J..#.)...#
#..').#.)'..#..+
#..#####'#####J#
#.J# #..# #.#
#.@# #### #(#
#..# #_.+ #⌠⌠#
..._# ####
#_.#+# ##+


You could see a jelly.

Vanquished Creatures
  Sigmund (D)
  An ogre (D)
  Ijyb (D)
3 creatures vanquished.

Notes
Turn   | Place    | Note
-------+----------+-------------------------------------------
     0 | D        | Karpo the Spriggan Enchanter began the quest for the Orb.
     0 | D        | Reached XP level 1. HP: 9/9 MP: 5/5
     2 | D        | Noticed Ijyb
    16 | D        | Killed Ijyb
    17 | D        | Reached skill level 10 in Stealth
    17 | D        | Reached XP level 2. HP: 9/13 MP: 6/6
   174 | D        | Learned a level 2 spell: Ensorcelled Hibernation
   178 | D        | Noticed an ogre
   180 | D        | Killed an ogre
   181 | D        | Reached skill level 14 in Stealth
   181 | D        | Reached XP level 3. HP: 16/16 MP: 8/8
   181 | D        | Reached XP level 4. HP: 21/21 MP: 9/9
   186 | D        | Learned a level 3 spell: Confusing Touch
   193 | D        | Noticed Sigmund
   203 | D        | Killed Sigmund
   204 | D        | Reached skill level 17 in Stealth
   204 | D        | Reached XP level 5. HP: 18/24 MP: 6/10
   208 | D        | Learned a level 3 spell: Dazzling Flash
   287 | D        | Found a shimmering blue altar of Sif Muna.
   288 | D        | Found an ornate altar of the Wu Jian Council.
   289 | D        | Found a radiant altar of Vehumet.
   322 | D        | HP: 1/24 [acid (2)]
   323 | D        | Splashed by a jelly's acid

Illustrated notes

Levels and vault maps discovered:
D:        dungeon_sprint_1 [red_sonja_temple_1, red_sonja_temple_small_1]

Skill      XL: |  1  2  3  4 |
---------------+-------------+-----
Stealth        | 10 14 17 | 17.9
Short Blades   | |  1.1
Dodging        | |  2.6
Spellcasting   | |  2.6
Hexes          | |  3.6

Action                   |  1- 3 |  4- 6 || total
-------------------------+-------+-------++-------
Melee: Dagger            |    12 |     9 ||    21
 Cast: Confusing Touch   |       |     1 ||     1
       Ensorcelled Hiber |       |     4 ||     4
  Use: Potion            |     1 |       ||     1
 Stab: Sleeping          |     1 |       ||     1
       Confused          |       |     2 ||     2
Dodge: Dodged            |     5 |     9 ||    14
